[Event "*** Titled Tuesday Blitz"]
[Site "Chess.com"]
[Date "2020.11.24"]
[Round "6"]
[White "korbul"]
[Black "Xeniya2005"]
[Result "1/2-1/2"]
[WhiteElo "2563"]
[BlackElo "2441"]
[TimeControl "180+1"]
[EndTime "11:23:02 PST"]
[Termination "Game drawn by repetition"]

1. e4 e6 2. d4 d5 3. Nc3 Nf6 4. Bg5 dxe4 5. Nxe4 Nbd7 6. Nf3 h6 7. Nxf6+ Nxf6 8.
Be3 Bd6 9. Bd3 O-O 10. h3 Nd5 11. Bd2 Nf4 12. Bxf4 Bxf4 13. Qe2 Bd6 14. Qe4 f5 15. Qe2 Qf6 16. c3 Bd7 17. Ne5 Bxe5 18. dxe5 Qe7 19. O-O Bc6 20. Bb5 Bxb5 21. Qxb5 c6 22. Qc4 Rad8 23.
Rad1 Kh7 24. Rd4 Rd5 25. Rfd1 f4 26. Qd3+ Kh8 27. Rxd5 exd5 28. Re1 f3 29. g3 Qe6 30.
Kh2 Rf5 31. Qd4 b6 32. g4 Rf8 33. Re3 g5 34. Qd3 Rf4 35. Kg1 Kg7 36. Kf1 c5 37. Rxf3 Qxe5 38. Rxf4 gxf4 39. h4 Qe4 40. Qxe4 dxe4 41.
c4 Kf6 42. Ke2 Ke5 43. Kd2 a6 44. b3 Kf6 45. Ke2 Kg6 46. a4 a5 47. Kd2 Kf6 48. Ke2 Ke5 49. Kd2 Ke6 50. Ke2 Kf6 51. Kd2 Ke5 52. Ke2 Kf6 53. Kd2 Ke6 54. Ke2 Ke5 55. Kd2 Kf6 56. Ke2 Ke6 57. Kd2 Ke5 58. Ke2 Kf6 1/2-1/2

[Event "*** Titled Tuesday Blitz"]
[Site "Chess.com"]
[Date "2020.11.24"]
[Round "6"]
[White "maxip32"]
[Black "Trovita84"]
[Result "1-0"]
[WhiteElo "2479"]
[BlackElo "2019"]
[TimeControl "180+1"]
[EndTime "11:23:02 PST"]
[Termination "maxip32 won by resignation"]

1. e4 d6 2. d4 Nf6 3. Nc3 g6 4. Be3 Bg7 5. f3 O-O 6. Qd2 e5 7. d5 c6 8. O-O-O cxd5 9. Nxd5 Nxd5 10. Qxd5 Be6 11. Qxd6 Qa5 12. a3 Nc6 13. Qc5 Qc7 14.
Bb5 Rfd8 15. Ne2 a6 16. Bxc6 bxc6 17. Qb6 Rxd1+ 18. Rxd1 Qxb6 19. Bxb6 Rb8 20. Rd8+ Rxd8 21. Bxd8 f5 22. Nc3 Bh6+ 23. Kd1 Kf7 24. Ke2 fxe4 25. Nxe4 Bd5 26. Kd3 Ke6 27. c4 Bxe4+ 28. Kxe4 Bc1 29. b3 Bxa3 30. Bc7 Bd6 31. Ba5 Be7 32. b4 h5 33.
c5 Bg5 34. Kd3 Kd5 35. Bc7 Bf6 36. Bb8 h4 37. Bc7 Bg5 38. Kc3 Bf4 39. h3 g5 40.
Bd8 e4 41. Be7 e3 42. Kd3 Ke6 43. Bd8 Kd5 44. Ba5 Ke6 45. Bd8 Kd5 46. Bf6 Ke6 47. Bd4 e2 48. Kxe2 Kd5 49. Kd3 Bg3 50. Be3 Be1 51. Bxg5 Bxb4 52. Bxh4 Bxc5 53. Be1 Be7 54. g4 c5 55. Bc3 c4+ 56. Ke3 Bc5+ 57. Ke2 Bd4 58. Ba5 c3 59. Kd3 1-0

[Event "*** Titled Tuesday Blitz"]
[Site "Chess.com"]
[Date "2020.11.24"]
[Round "6"]
[White "vanyakuba"]
[Black "DenishevM"]
[Result "0-1"]
[WhiteElo "2476"]
[BlackElo "2604"]
[TimeControl "180+1"]
[EndTime "11:23:03 PST"]
[Termination "DenishevM won by resignation"]

1. e4 g6 2. d4 Bg7 3. Nc3 a6 4.
a4 d6 5. g3 b6 6. Bg2 Bb7 7.
Nge2 e6 8. h3 Ne7 9. O-O O-O 10.
Kh2 Nd7 11. Be3 c5 12. Qd2 Qc7 13. f4 Nc6 14. d5 exd5 15. Nxd5 Qd8 16. Rad1 Re8 17.
Ndc3 Bf8 18. e5 Rb8 19. Bf2 Re7 20. exd6 Re6 21. Ne4 Nf6 22. N2c3 h6 23. Nxf6+ Qxf6 24. d7 Rd8 25. Nd5 Qxb2 26. Rb1 Qa3 27. Rb3 Qxa4 28.
Nxb6 Qa2 29. Nd5 Ba8 30. Nb6 Rd6 31. Rd3 Nd4 32. Nxa8 R6xd7 33. c3 Qxd2 34. Rxd2 Nf3+ 35. Bxf3 Rxd2 36. Nb6 Rb8 37. Nd5 Rbb2 38. Kg2 a5 39. Rd1 Rxf2+ 40. Kh1 Rxf3 0-1

[Event "*** Titled Tuesday Blitz"]
[Site "Chess.com"]
[Date "2020.11.24"]
[Round "6"]
[White "Fandorine"]
[Black "Smirnov_Pavel"]
[Result "1/2-1/2"]
[WhiteElo "2876"]
[BlackElo "2837"]
[TimeControl "180+1"]
[EndTime "11:23:04 PST"]
[Termination "Game drawn by agreement"]

1. e4 c5 2. b3 g6 3. Bb2 Nf6 4. f4 Bg7 5. Qf3 d6 6. Bb5+ Bd7 7. Bxd7+ Qxd7 8. Ne2 O-O 9. d3 Nc6 10. O-O Qg4 11. Qxg4 Nxg4 12. Bxg7 Kxg7 13. h3 Nf6 14. c4 e6 15. Nbc3 Rad8 16. Rfd1 e5 17. Kf2 Ne8 18. Nd5 Rd7 19. Ke3 Nc7 20. g4 Nxd5+ 21. cxd5 Nd4 22. Nxd4 cxd4+ 23. Kf3 Rc8 24. Rac1 Rdc7 25. Rxc7 Rxc7 26. g5 Kf8 27. fxe5 dxe5 28. Ke2 Ke7 29. Kd2 Rc3 30. Rf1 Rc8 31. h4 Rc7 32. Rf6 Rd7 33. h5 Rd6 34. hxg6 hxg6 35. Rf1 Rd8 36. Rc1 Kd7 37. Rf1 Ke7 38.
Rh1 Rc8 39. Rh2 Rd8 40. Kd1 Rc8 41. Rc2 Rxc2 42. Kxc2 Kd6 43. a4 a5 44. Kd2 Kc5 45. Kd1 Kd6 46. Kc1 Kc5 47. Kc2 Kd6 1/2-1/2

[Event "*** Titled Tuesday Blitz"]
[Site "Chess.com"]
[Date "2020.11.24"]
[Round "6"]
[White "PriSachu"]
[Black "ZverevLev"]
[Result "1-0"]
[WhiteElo "2537"]
[BlackElo "2292"]
[TimeControl "180+1"]
[EndTime "11:23:05 PST"]
[Termination "PriSachu won on time"]

1. e4 e5 2. Nf3 Nc6 3. Bb5 a6 4. Ba4 Nf6 5. O-O Be7 6. Re1 b5 7. Bb3 d6 8. c3 O-O 9. h3 Na5 10. Bc2 c5 11. d4 cxd4 12. cxd4 Bb7 13. Nc3 Rc8 14. a3 Nc4 15. Qe2 Qc7 16. Bb3 Nb6 17.
Bg5 h6 18. Bh4 Nbd7 19. Rad1 Rfe8 20. Ba2 Nh5 21. Bxe7 Nf4 22. Qe3 Rxe7 23. Kh2 Nf6 24. Nh4 g6 25. g3 Nxh3 26. Kxh3 Qd7+ 27. Kg2 exd4 28. Qxd4 Re5 29. Qxe5 dxe5 30. Rxd7 Nxd7 31. Nf3 Kg7 32. Rd1 Rc7 33. Nd5 Rc2 34. Nb4 Rc7 35.
Bd5 Bxd5 36. Rxd5 Nb6 37. Rxe5 Nc4 38. Rd5 Nxb2 39. Nxa6 Ra7 40. Nb4 Rxa3 41. Rxb5 Nd1 42. Nd3 Rxd3 43. Rb7 1-0

[Event "*** Titled Tuesday Blitz"]
[Site "Chess.com"]
[Date "2020.11.24"]
[Round "6"]
[White "Ladislav1969"]
[Black "TST2014"]
[Result "0-1"]
[WhiteElo "2338"]
[BlackElo "2504"]
[TimeControl "180+1"]
[EndTime "11:23:07 PST"]
[Termination "TST2014 won by resignation"]

1. e4 c5 2. d4 cxd4 3. c3 Nf6 4. e5 Nd5 5. Nf3 Nc6 6. Bc4 Nb6 7. Bb3 d5 8. exd6 Qxd6 9. O-O Be6 10. Bxe6 Qxe6 11.
Nxd4 Nxd4 12. Qxd4 Qd5 13. Be3 e6 14. Nd2 Qxd4 15.
Bxd4 f6 16. Be3 Nd5 17. Bd4 e5 18. Rfe1 O-O-O 19. Bxa7 b6 20. Nc4 Kb7 21. Rad1 Bc5 22. b4 Be7 23. Rxd5 Rxd5 24. Bxb6 Rc8 25. Ne3 Rd3 26. Ba5 Rcxc3 27. a4 Ra3 28. Rc1 Bd6 29. Nc4 Rxa4 30. Nxd6+ Rxd6 31. g3 Rd7 32. h4 h5 33.
Kg2 Ra2 34. Kf3 Rd3+ 35. Ke4 Rd4+ 36. Ke3 Rdd2 37. Rc7+ Ka6 38. Rxg7 Re2+ 39. Kd3 Rxf2 40. Rg6 Kb5 41. Ke4 Rae2+ 42. Kd5 Rf3 43. Bd8 f5 44.
Be7 Rd3+ 45. Ke6 e4 46. Kxf5 Rf3+ 47. Ke5 e3 48. Rg5 Kc4 49. Ke4 Ref2 50. Rc5+ Kb3 51. b5 e2 52. Rc1 Rf1 53. b6 Rxc1 54. b7 e1=Q+ 55. Kxf3 Qh1+ 0-1

[Event "*** Titled Tuesday Blitz"]
[Site "Chess.com"]
[Date "2020.11.24"]
[Round "6"]
[White "Chigorinetz"]
[Black "ural58"]
[Result "1-0"]
[WhiteElo "2567"]
[BlackElo "2429"]
[TimeControl "180+1"]
[EndTime "11:23:10 PST"]
[Termination "Chigorinetz won on time"]

1. e4 d5 2. Nc3 d4 3. Nce2 c5 4.
Ng3 Qa5 5. a3 Nc6 6. Bc4 h5 7.
Nf3 h4 8. Ne2 Bg4 9. b4 cxb4 10.
Bb2 e5 11. Ng5 Nh6 12. f3 Bd7 13. axb4 Qd8 14. f4 Bxb4 15. O-O O-O 16. Qe1 h3 17. Qh4 Bxd2 18. Ba3 hxg2 19. Kxg2 exf4 20. Bxf8 f3+ 21. Nxf3 Qxh4 22. Nxh4 Rxf8 23. Bd5 a6 24. Ng3 Bc3 25. Rab1 b5 26. Rf3 Ne7 27. Bb3 Be6 28. Ne2 Bxb3 29. cxb3 b4 30. Rd1 Nc6 31. Nf5 Nxf5 32. Rxf5 Re8 33.
Rc5 Re6 34. Kf3 a5 35. h4 Rf6+ 36. Kg3 Rg6+ 37. Kf2 Rf6+ 38. Kg2 Re6 39. h5 Kh7 40. Kf3 Ne5+ 41. Kf4 d3 42. Nxc3 bxc3 43. Rxc3 f6 44. Ke3 Rb6 45. Ra1 Rb5 46. Kd2 Kh6 47. Rg1 1-0

[Event "*** Titled Tuesday Blitz"]
[Site "Chess.com"]
[Date "2020.11.24"]
[Round "6"]
[White "skoularikii"]
[Black "Vuk2000"]
[Result "0-1"]
[WhiteElo "2473"]
[BlackElo "2729"]
[TimeControl "180+1"]
[EndTime "11:23:10 PST"]
[Termination "Vuk2000 won by resignation"]

1. e4 e6 2. d4 d5 3. Nc3 Bb4 4.
exd5 exd5 5. Bd3 Nf6 6. Ne2 O-O 7. O-O Re8 8. Bg5 Nc6 9. Bxf6 Qxf6 10. Nxd5 Qd6 11.
Nxb4 Qxb4 12. Rb1 Bg4 13. c3 Qd6 14. Qd2 Rad8 15. Rfe1 Ne5 16. Nf4 Nxd3 17. Nxd3 Be6 18. b3 c5 19. Re4 Qb6 20. Nf4 cxd4 21. cxd4 Bf5 22. Rxe8+ Rxe8 23. Re1 Rd8 24. d5 h6 25. Rd1 Qd6 26. Ne2 Be4 27. Nc3 Bg6 28. Qd4 a6 29. b4 Bh5 30. Re1 Bg6 31. Qc5 Qd7 32. Qb6 Rc8 33.
Qd4 Qc7 34. Re3 Qd6 35. g3 b5 36. h3 Rc4 37. Qd2 Qxb4 38. d6 Rd4 39. Nd5 Rxd2 40. Nxb4 Rxd6 41. Re8+ Kh7 42. Ra8 Rd4 43. Nc6 Ra4 44.
Ne5 Rxa2 45. h4 Be4 46. Rd8 Ra1+ 0-1

[Event "*** Titled Tuesday Blitz"]
[Site "Chess.com"]
[Date "2020.11.24"]
[Round "6"]
[White "rasmussvane"]
[Black "Aygehovit1992"]
[Result "1-0"]
[WhiteElo "2886"]
[BlackElo "2641"]
[TimeControl "180+1"]
[EndTime "11:23:11 PST"]
[Termination "rasmussvane won on time"]

1. Nf3 Nf6 2. g3 d5 3. Bg2 c6 4. O-O g6 5. c4 Bg7 6. b3 O-O 7. Bb2 b6 8. d4 Bb7 9. Nbd2 Nbd7 10. Qc2 Qb8 11. Rad1 c5 12. dxc5 Nxc5 13. cxd5 Bxd5 14. Rfe1 Qb7 15. Bd4 Rac8 16. Qb2 Nce4 17. Nxe4 Bxe4 18. Rc1 Qd5 19. Red1 Rxc1 20. Rxc1 Rd8 21. Be5 Bh6 22. Rf1 Ng4 23. Bc3 Nxf2 24. Kxf2 f6 25. Kg1 Be3+ 26.
Kh1 g5 27. Ne1 Bxg2+ 28. Nxg2 Bc5 29. Qc2 Kg7 30. e4 Qd3 31. Qxd3 Rxd3 32. Be1 Rd1 33. h3 Ra1 34. a4 Rb1 35. Kh2 Rxb3 36. Bf2 Bd6 37.
Rd1 Ra3 38. Ne3 Kf7 39. Nf5 Be5 40. Rd7 Ra2 41. Rxe7+ Kf8 42. Kg1 Rxa4 43. Rb7 Ra2 44.
g4 h6 45. Nxh6 Rb2 46. Nf5 b5 47. Bc5+ 1-0

[Event "*** Titled Tuesday Blitz"]
[Site "Chess.com"]
[Date "2020.11.24"]
[Round "6"]
[White "AvitalBor"]
[Black "BogdanDeac"]
[Result "0-1"]
[WhiteElo "2691"]
[BlackElo "2903"]
[TimeControl "180+1"]
[EndTime "11:23:12 PST"]
[Termination "BogdanDeac won by resignation"]

1. e4 e5 2. Nf3 Nc6 3. Bb5 Nf6 4. O-O Nxe4 5. Re1 Nd6 6. Nxe5 Be7 7. Bf1 Nf5 8. Nf3 d5 9. d4 O-O 10. c3 Re8 11. Bd3 Nd6 12. Qb3 Be6 13. Bf4 Rb8 14.
Qc2 h6 15. Nbd2 b5 16. Nb3 Nc4 17. Nc5 Bg4 18. Nd2 Bd6 19. Rxe8+ Qxe8 20. Bxd6 cxd6 21. Ncb3 a5 22. h3 Be6 23. Nf3 b4 24. Nbd2 bxc3 25. bxc3 Na7 26. Nxc4 dxc4 27. Bh7+ Kh8 28. Re1 Qb5 29.
Be4 Qb2 30. Qxb2 Rxb2 31. d5 Bd7 32. Nd4 g6 33. Nc6 Nb5 34. Nxa5 Na3 35. Bf3 Rxa2 36. Re7 Bb5 37. Rxf7 Nb1 38. Nc6 Nxc3 39. Ne7 g5 40. Ng6+ Kg8 41. Rc7 Ne2+ 42. Kh2 Nd4 43. Bg4 Rxf2 44.
Be6+ Nxe6 45. dxe6 Rf6 46. e7 Rxg6 47. Rxc4 Kf7 48.
Rb4 Be8 0-1

[Event "*** Titled Tuesday Blitz"]
[Site "Chess.com"]
[Date "2020.11.24"]
[Round "6"]
[White "levallem"]
[Black "Sjakkerntobi"]
[Result "0-1"]
[WhiteElo "2230"]
[BlackElo "2367"]
[TimeControl "180+1"]
[EndTime "11:23:13 PST"]
[Termination "Sjakkerntobi won by resignation"]

1. d4 e6 2. Nf3 Nf6 3. c4 c5 4.
e3 g6 5. Nc3 Bg7 6. b3 O-O 7.
Bb2 a6 8. Be2 Re8 9. O-O cxd4 10. exd4 d5 11. c5 Nc6 12. a3 Ne4 13. Na4 e5 14.
Nxe5 Nxe5 15. dxe5 Bxe5 16. Bxe5 Rxe5 17. Qd4 Re8 18. Nb6 Rb8 19. Nxd5 Be6 20. Bc4 Bxd5 21. Bxd5 Nf6 22. Rfd1 Nxd5 23. Qxd5 Re1+ 24. Rxe1 Qxd5 25.
b4 Rd8 26. g3 h5 27. h4 Qd3 28. Re3 Qc2 29. Rae1 Rd1 30. Rxd1 Qxd1+ 31. Kg2 Kg7 32. Rc3 Qd5+ 33. Kg1 f6 34. Re3 g5 35. hxg5 fxg5 36.
Kh2 Kf6 37. Kg1 h4 38. gxh4 gxh4 39. Kh2 Qd2 40. Kg2 Kg5 41. Re5+ Kf4 42. Re3 Qd5+ 43. Kh2 Kg4 44. Kg1 h3 45. Rg3+ Kh4 46. Kh2 Qe5 47. a4 Qf4 48. Kg1 h2+ 49. Kxh2 Qxf2+ 50. Rg2 Qf4+ 51.
Kh1 Qxb4 52. Rh2+ Kg4 53. Rg2+ Kf5 54. Rh2 Qxa4 55. Kg2 Qg4+ 56. Kf2 Qd4+ 57. Kf3 Qd3+ 58. Kg2 Qe2+ 59. Kg1 Qe3+ 60. Kg2 Ke4 61. Rh4+ Kd5 62. Rh5+ Kc6 0-1

[Event "*** Titled Tuesday Blitz"]
[Site "Chess.com"]
[Date "2020.11.24"]
[Round "6"]
[White "yobdc"]
[Black "hermionegrangermagic"]
[Result "1-0"]
[WhiteElo "2479"]
[BlackElo "2579"]
[TimeControl "180+1"]
[EndTime "11:23:14 PST"]
[Termination "yobdc won by resignation"]

1. d4 d5 2. Nf3 Nf6 3. e3 c6 4. Bd3 g6 5. b3 Bg7 6. Bb2 O-O 7.
Nbd2 Bf5 8. Ne5 Nbd7 9. f4 Bxd3 10. cxd3 e6 11. O-O c5 12. Ndf3 Qb6 13. dxc5 Nxc5 14. Bd4 Qd6 15. Qd2 b6 16. Rac1 Rac8 17. Rc2 Nfd7 18. Rfc1 a5 19. Nxd7 Qxd7 20. Bxc5 Rxc5 21. Rxc5 bxc5 22. Rxc5 a4 23. d4 axb3 24. axb3 Rb8 25.
Qc2 Qb7 26. Rc3 Qb4 27. h3 Bf8 28. Kh2 Ra8 29. Ne5 Bd6 30. Nc6 Qb5 31. Qd3 Qb6 32. Ne5 Bxe5 33. fxe5 Ra2 34. Rc8+ Kg7 35. Qf1 f5 36.
exf6+ Kf7 37. Qf4 Ra7 38. Rh8 h5 39. h4 Qa6 40. Rh7+ Kg8 41. f7+ Kxh7 42. f8=Q Rg7 43. Q4f6 Qb7 44. Q6xg7+ Qxg7 45. Qxg7+ Kxg7 46. Kg3 Kf6 47. Kf4 Ke7 48. b4 Kd6 49. Kg5 Kc6 50.
Kxg6 Kb5 51. Kxh5 Kxb4 52. Kg5 Kc3 53. h5 Kd3 54. Kf4 Ke2 55. h6 Kf2 56. g4 Kg2 57. h7 1-0

[Event "*** Titled Tuesday Blitz"]
[Site "Chess.com"]
[Date "2020.11.24"]
[Round "6"]
[White "Pikachess999"]
[Black "Gudmundur_Kjartansson"]
[Result "0-1"]
[WhiteElo "2375"]
[BlackElo "2559"]
[TimeControl "180+1"]
[EndTime "11:23:14 PST"]
[Termination "Gudmundur_Kjartansson won on time"]

1. e4 c5 2. a3 d5 3. exd5 Nf6 4.
d4 cxd4 5. Qxd4 Nc6 6. Bb5 Qxd5 7.
Qxd5 Nxd5 8. Ne2 Bd7 9. Nbc3 Nc7 10. Ba4 O-O-O 11. O-O e5 12. Be3 Kb8 13. b4 Be7 14. Rad1 Bf5 15. Bb3 f6 16. Ng3 Be6 17. Bxe6 Nxe6 18.
Nd5 Rhe8 19. c3 Bf8 20. h4 Ne7 21. Nxe7 Bxe7 22. Nf5 Bf8 23. Ng3 Kc7 24. c4 a6 25.
Ne2 a5 26. c5 axb4 27. axb4 Rxd1 28. Rxd1 Ra8 29. Nc3 Kc6 30. b5+ Kc7 31. Nd5+ Kb8 32. Nb6 Ra5 33. Nd7+ Kc8 34. c6 Rxb5 35. Nxf8 Nxf8 36.
cxb7+ Rxb7 37. Rc1+ Rc7 38. Rb1 Kd7 39. g3 Ne6 40. Kg2 Ke7 41. Rd1 Kf7 42. Rd6 h5 43. Kf3 g6 44. Ra6 Rb7 45. Ra8 Nf8 46. Ra7 Rxa7 47.
Bxa7 f5 48. Bb8 Ke6 49. Ke3 Nd7 50. Ba7 Kd5 0-1

[Event "*** Titled Tuesday Blitz"]
[Site "Chess.com"]
[Date "2020.11.24"]
[Round "6"]
[White "Ural_bogatyr"]
[Black "esteban062000"]
[Result "1/2-1/2"]
[WhiteElo "2405"]
[BlackElo "2245"]
[TimeControl "180+1"]
[EndTime "11:23:15 PST"]
[Termination "Game drawn by repetition"]

1. e4 c5 2. Nf3 g6 3. c3 Bg7 4. d4 cxd4 5. cxd4 d5 6. e5 Nc6 7. Nc3 Bg4 8. Be2 e6 9. Bf4 Nge7 10. O-O O-O 11. h3 Bf5 12. Ne1 f6 13. g4 Be4 14.
f3 fxe5 15. Bxe5 Nxe5 16. dxe5 Bxe5 17. fxe4 Qb6+ 18. Kg2 Rxf1 19. Bxf1 Qxb2+ 20. Nc2 Qxc3 21. Qd3 Qxd3 22. Bxd3 Bxa1 23. Nxa1 Rc8 24. Nb3 Rc3 25. Bb1 Nc6 26. exd5 exd5 27. h4 Ne5 28. h5 Nxg4 29. hxg6 hxg6 30. Bxg6 Ne3+ 31. Kf2 Ng4+ 32. Ke2 Ne5 33.
Bf5 Kg7 34. Nd2 Kf6 35. Bb1 Rh3 36. Nb3 Rh2+ 37. Ke3 Nc4+ 38. Kd4 Na3 39. Bd3 Rxa2 40. Kxd5 Rb2 41. Nc5 Ke7 42. Ne4 Rh2 43. Nc5 Rh5+ 44.
Kd4 b6 45. Ne4 Nb5+ 46. Ke3 Nd6 47. Nc3 Re5+ 48. Kd4 Rh5 49. Nd5+ Kd8 50. Nf6 Rh4+ 51. Kd5 Ne8 52. Ne4 Kc7 53. Be2 Rxe4 54. Kxe4 Kc6 55.
Kd4 Nd6 56. Bd1 b5 57. Bf3+ Kb6 58. Kd5 Nc4 59. Be2 Ne3+ 60. Kd4 Nf5+ 61. Ke5 Ne3 62. Kd4 Nc2+ 63. Kc3 Ne3 64. Kd4 1/2-1/2

[Event "*** Titled Tuesday Blitz"]
[Site "Chess.com"]
[Date "2020.11.24"]
[Round "6"]
[White "shnitez"]
[Black "ftorodent"]
[Result "1-0"]
[WhiteElo "2511"]
[BlackElo "2628"]
[TimeControl "180+1"]
[EndTime "11:23:16 PST"]
[Termination "shnitez won by resignation"]

1. c4 f5 2. Nc3 Nf6 3. g3 g6 4. Bg2 Bg7 5. e3 O-O 6. Nge2 e5 7. b4 d6 8. O-O Nc6 9. b5 Ne7 10. a4 Rb8 11. a5 Be6 12. d3 e4 13. Ba3 exd3 14.
Qxd3 Ng4 15. c5 Ne5 16. Qc2 d5 17. Rfd1 c6 18. Nd4 Bd7 19. a6 Kh8 20. axb7 Rxb7 21. bxc6 Bxc6 22. Ne6 Qd7 23. Nxf8 Bxf8 24. Rab1 Bg7 25.
Rxb7 Qxb7 26. Ne2 Nc4 27. Bc1 Qb5 28. Nd4 Qxc5 29. Ne6 Qb4 30. Nxg7 Ba4 31. Qd3 Bxd1 32. Qd4 Nc6 33. Qxd1 Kxg7 34. Bxd5 N6e5 35. Bxc4 Nxc4 36. Qd4+ Kf7 37. Qxa7+ Ke6 38. Qa1 Qb3 39. e4 fxe4 40.
Bg5 Qb2 41. Qa6+ Kf5 42. h4 Qc1+ 43. Kg2 Qc2 44. Qb5+ Ke6 45. Qc6+ Ke5 46. Qc7+ Kd4 47. Qxh7 Qe2 48. Qxg6 Qf3+ 49. Kg1 Kd3 50. Qc6 e3 51. Qxf3 1-0

[Event "*** Titled Tuesday Blitz"]
[Site "Chess.com"]
[Date "2020.11.24"]
[Round "6"]
[White "Bathory44"]
[Black "Nuvas"]
[Result "1-0"]
[WhiteElo "2566"]
[BlackElo "2425"]
[TimeControl "180+1"]
[EndTime "11:23:17 PST"]
[Termination "Bathory44 won by resignation"]

1. e4 c5 2. c3 Nf6 3. e5 Nd5 4.
d4 cxd4 5. Nf3 e6 6. cxd4 d6 7. Bc4 Nc6 8. O-O Be7 9. exd6 Bxd6 10. Nc3 Nxc3 11. bxc3 O-O 12. Re1 Qc7 13. Bd3 e5 14.
dxe5 Nxe5 15. Nxe5 Bxe5 16. Bxh7+ Kxh7 17. Qh5+ Kg8 18.
Qxe5 Qxe5 19. Rxe5 Be6 20. Be3 Rfc8 21. Bd4 Rc4 22. Rg5 g6 23. h4 Kf8 24. h5 gxh5 25. Rxh5 Ke7 26. f3 Rg8 27. Kf2 b6 28. a4 a6 29. g4 Rb8 30. Ke3 Bd7 31. a5 b5 32.
Re1 Be6 33. Kd3 Ra4 34. Bc5+ Kd7 35. Bb4 Kc6 36. Rc5+ Kb7 37. Ke4 Ra2 38. Kf4 Rd8 39. Re3 Rad2 40. Kg5 Rg8+ 41. Kf6 Rg6+ 42. Ke5 Rg5+ 43.
Kf4 Rxc5 44. Bxc5 Kc6 45. Bb4 Rd5 46. Re5 Rxe5 47. Kxe5 Bc4 48. f4 Kd7 49. f5 Be2 50.
g5 Bd3 51. Kf6 Ke8 52. g6 fxg6 53. fxg6 Bc4 54. Ke5 Kd7 55. g7 Bb3 56. Kf6 Bc4 57. Kg6 Bd3+ 58. Kf7 Bc4+ 59. Kf8 Kc6 60. g8=Q Bxg8 61.
Kxg8 Kb7 62. Kf7 Ka7 63. Ke6 Kb7 64. Kd5 Ka7 65. Kc6 1-0

[Event "*** Titled Tuesday Blitz"]
[Site "Chess.com"]
[Date "2020.11.24"]
[Round "6"]
[White "DenLaz"]
[Black "lefonghua"]
[Result "1-0"]
[WhiteElo "2758"]
[BlackElo "2508"]
[TimeControl "180+1"]
[EndTime "11:23:18 PST"]
[Termination "DenLaz won by resignation"]

1. d4 Nf6 2. Nf3 g6 3. g3 Bg7 4.
c4 O-O 5. Bg2 d6 6. Nc3 Nc6 7. O-O a6 8. h3 Rb8 9. e4 b5 10. d5 Na5 11. cxb5 axb5 12. b4 Nc4 13. Nd4 Bd7 14. a4 bxa4 15. b5 e5 16. Nc6 Bxc6 17. bxc6 a3 18. Qa4 Nb6 19. Qxa3 Ra8 20. Qb2 Rxa1 21.
Qxa1 Qa8 22. Bg5 h6 23. Bxf6 Bxf6 24. Nb5 Qxa1 25. Rxa1 Ra8 26. Rxa8+ Nxa8 27. f4 Kf8 28. Kf2 g5 29. fxg5 Bxg5 30. h4 Bd8 31. Bf1 Nb6 32.
Nc3 Kg7 33. Kf3 Kg6 34. Kg4 h5+ 35. Kf3 Kh6 36. Ke3 Kg6 37. Be2 Kh6 38. Kd3 Kg6 39. Kc2 Nc8 40. Bd3 Ne7 41. Kb3 Ng8 42. Kc4 Nh6 43. Kb5 Ng4 44. Nd1 Kf6 45. Ka6 Ke7 46.
Be2 Nf6 47. Bf3 Ke8 48. Kb7 Ke7 49. Ne3 Ke8 50. Nf5 Ng8 51. Bxh5 Nf6 52. Bf3 Ng8 53. h5 Nf6 54. h6 Nh7 55. Kc8 Ng5 56.
Ng7+ Ke7 57. Bg4 Nh7 58. Bf5 Ng5 59. h7 Nxh7 60. Bxh7 1-0

[Event "*** Titled Tuesday Blitz"]
[Site "Chess.com"]
[Date "2020.11.24"]
[Round "6"]
[White "Squirlolz"]
[Black "Zarikovs1999"]
[Result "1-0"]
[WhiteElo "2559"]
[BlackElo "2387"]
[TimeControl "180+1"]
[EndTime "11:23:18 PST"]
[Termination "Squirlolz won by resignation"]

1. e4 c5 2. Na3 g6 3. c3 Bg7 4.
Nc2 Nf6 5. d3 Nc6 6. f4 d6 7. Nf3 O-O 8. Be2 e5 9. O-O exf4 10.
Bxf4 Qb6 11. Qd2 Nh5 12. Be3 Qxb2 13. d4 cxd4 14. cxd4 Nb4 15. Nxb4 Qa3 16. Nd5 Bd7 17. Rab1 Bc6 18. Ne7+ Kh8 19. Nxc6 bxc6 20. Rb3 Qa4 21. Rc1 Rae8 22. Bd3 f5 23. exf5 gxf5 24. Rc4 Qa6 25. Bh6 Qc8 26. Bxg7+ Nxg7 27. d5 c5 28. Qh6 Re7 29.
Rh4 Ne8 30. Ng5 Nf6 31. Ne6 Rff7 32. Bxf5 Nxd5 33. Rf3 Rf6 34. Qd2 Rfxe6 35. Qxd5 Re1+ 36. Rf1 Rxf1+ 37. Kxf1 Qf8 38. Rf4 Rf7 39. g4 Kg7 40.
Rf3 Rf6 41. Be4 Rxf3+ 42. Bxf3 Qf6 43. Kg2 Qb2+ 44. Kg3 Qf6 45. h4 Kf8 46. g5 Qe7 47. Be4 Ke8 48. Qf5 Kd8 49. Kg4 Kc7 50. Qxh7 Kd7 51. Qxe7+ Kxe7 52. h5 d5 53. Bxd5 c4 54. Bxc4 1-0

[Event "*** Titled Tuesday Blitz"]
[Site "Chess.com"]
[Date "2020.11.24"]
[Round "6"]
[White "MasterMK73"]
[Black "igorknyazev"]
[Result "0-1"]
[WhiteElo "2262"]
[BlackElo "2063"]
[TimeControl "180+1"]
[EndTime "11:23:19 PST"]
[Termination "igorknyazev won on time"]

1. e4 e5 2. Nc3 Nc6 3. g3 Bc5 4. Bg2 Nge7 5. Nge2 O-O 6. O-O d6 7. d3 a6 8. h3 Be6 9. Nd5 f5 10. Kh2 Nd4 11. c3 Nxe2 12. Qxe2 Nxd5 13. exd5 Bf7 14. Rd1 Ba7 15. c4 Qf6 16. Be3 Bxe3 17. fxe3 Qg5 18.
Rf1 Bh5 19. Qd2 b6 20. Bf3 Bg6 21. Rad1 Rae8 22. Bg2 Bh5 23. Rde1 Qh6 24. b4 g5 25. Rh1 f4 26. exf4 gxf4 27. gxf4 Qxf4+ 28. Qxf4 Rxf4 29. Rhf1 Ref8 30. Rxf4 Rxf4 31. Rf1 Rxf1 32. Bxf1 Kg7 33. Kg3 Kf6 34. h4 Bd1 35. Kf2 Kf5 36. Bh3+ Kf4 37.
Bf1 a5 38. bxa5 bxa5 39. Ke1 Bf3 40. Kd2 Kg4 41. d4 exd4 42. Kd3 Kxh4 43. Kxd4 Kg3 44. c5 h5 45. cxd6 cxd6 46. Kc4 h4 47. Kb5 Bg2 48. Bxg2 Kxg2 49. Kc6 h3 50. Kxd6 h2 51. Kc7 h1=Q 52.
d6 Qc1+ 53. Kd8 Qg5+ 54. Kc7 Qc5+ 55. Kd7 Kf3 56. Ke6 Qc6 57. Ke7 Qe4+ 58. Kd8 Qh4+ 59. Kc7 Qf4 60. Kc6 Qf6 61. Kc7 Qe5 62. Kc6 Qe6 63. Kc7 Qxa2 64. d7 Qd5 65. d8=Q Qxd8+ 66. Kxd8 a4 0-1

[Event "*** Titled Tuesday Blitz"]
[Site "Chess.com"]
[Date "2020.11.24"]
[Round "6"]
[White "Jumbo"]
[Black "Zubrrr"]
[Result "1-0"]
[WhiteElo "2849"]
[BlackElo "2659"]
[TimeControl "180+1"]
[EndTime "11:23:20 PST"]
[Termination "Jumbo won on time"]

1. d4 f5 2. Nc3 Nf6 3. Bg5 d5 4.
e3 Be6 5. h4 Nbd7 6. Nh3 Bf7 7.
Nf4 c6 8. h5 Qb6 9. a3 Ne4 10.
Nxe4 fxe4 11. b4 e5 12. dxe5 Nxe5 13. Qd4 Bd6 14. h6 O-O 15. hxg7 Rfe8 16. Nh5 Bxh5 17.
Rxh5 Qxd4 18. exd4 Nf7 19. c4 Kxg7 20. Be3 Kg6 21.
g4 Rad8 22. Kd2 h6 23. cxd5 cxd5 24. Bb5 Rh8 25. Rah1 Be7 26. Ba4 Bg5 27. Bb3 Bxe3+ 28. Kxe3 Ng5 29. Rc1 Rd7 30. Rc5 Rhd8 31. Bc2 Kg7 32.
Bd1 Rf8 33. Be2 Rfd8 34. Rh1 b6 35. Rc6 Rd6 36. Rc7+ R8d7 37. Rhc1 Ne6 38. Rc8 Rf7 39. Re8 Nf4 40. Bf1 Rdf6 41. Rcc8 Ng6 42. Be2 Rxf2 43. Rcd8 Rg2 44. Rg8+ Kh7 45. Rge8 Rg3+ 46. Kd2 Nf4 47. Ba6 Rxa3 48. b5 1-0

[Event "*** Titled Tuesday Blitz"]
[Site "Chess.com"]
[Date "2020.11.24"]
[Round "6"]
[White "witcher8"]
[Black "poneis_malditos"]
[Result "1-0"]
[WhiteElo "2441"]
[BlackElo "2299"]
[TimeControl "180+1"]
[EndTime "11:23:20 PST"]
[Termination "witcher8 won by resignation"]

1. e4 c5 2. Nc3 a6 3. a4 e6 4. f4 d5 5. Nf3 Nf6 6. d3 Nc6 7. g3 g6 8. Bg2 Bg7 9. O-O d4 10. Ne2 h5 11. h3 Qc7 12. b3 b6 13. Ng5 Bb7 14. Bd2 Ne7 15. Kh1 Nd7 16. Ng1 Qd6 17.
Qe2 f6 18. N5f3 e5 19. Nh4 O-O-O 20. Ngf3 Bh6 21. b4 Rdg8 22. a5 g5 23. fxg5 fxg5 24. bxc5 bxc5 25. Nf5 Nxf5 26. exf5 g4 27. Nh4 Bxd2 28.
Qxd2 gxh3 29. Bxb7+ Kxb7 30. Rab1+ Ka7 31. Qf2 Nf6 32.
Qf3 Qd5 33. Qxd5 Nxd5 34. f6 Rxg3 35. f7 Rf8 36. Nf5 Rg5 37. Nd6 Ne3 38. Rb7+ Ka8 39.
Rfb1 Rg6 40. Rb8+ Rxb8 41. Rxb8+ Kxb8 42. f8=Q+ Kc7 43. Qf7+ Kxd6 44. Qxg6+ Kd5 45. Qxh5 Nxc2 46. Qf7+ Kd6 47. Qf6+ Kd5 48. Qxa6 Nb4 49. Qc4+ Kd6 50. a6 Kc7 51. Qb5 Nc6 52. Qb7+ Kd6 53. a7 e4 54. a8=Q 1-0